 Dungeon Crawl Stone Soup version 0.23.2 (webtiles) character file.

Game seed: 12086749557674256819

274 myga the Ruffian (level 6, -5/47 HPs)
             Began as a Draconian Transmuter on Apr 9, 2019.
             Killed by divine providence
             ... invoked by an orc priest
              (9 damage)
             ... on level 3 of the Dungeon.
             The game lasted 00:09:59 (2192 turns).

myga the Ruffian (Draconian Transmuter)             Turns: 2192, Time: 00:10:00

Health: -5/47      AC:  8    Str: 13    XL:     6   Next: 3%
Magic:  5/10       EV: 13    Int: 14    God:
Gold:   91         SH:  0    Dex: 12    Spells: 4/10 levels left

rFire    . . .     SeeInvis .     - Unarmed
rCold    . . .     Gourm    .   (no shield)
rNeg     . . .     Faith    .   (armour unavailable)
rPois    .         Spirit   .   (helmet restricted)
rElec    .         Reflect  .   r - +0 cloak
rCorr    .         Harm     .   (no gloves)
MR       .....                  d - +0 pair of boots (curse)
Stlth    ++........             (no amulet)
HPRegen  0.15/turn              (no ring)
MPRegen  0.12/turn              (no ring)

@: hasted, very quick
A: unfitting armour, cold-blooded, AC +6
a: no special abilities


You were on level 3 of the Dungeon.
You were not hungry.

You visited 1 branch of the dungeon, and saw 3 of its levels.

You collected 91 gold pieces.

Inventory:

Missiles
 a - 8 arrows
Armour
 d - a cursed +0 pair of boots (worn)
 k - a +0 pair of boots
 m - a +0 pair of boots
 r - a +0 cloak (worn)
Scrolls
 b - a scroll of blinking {unknown}
 e - a scroll of fear
 h - 2 scrolls of remove curse {unknown}
 i - a scroll of teleportation {unknown}
 n - a scroll of immolation
Potions
 g - a potion of degeneration
 j - 3 potions of brilliance {unknown}
 o - a potion of flight
 p - a potion of resistance {unknown}
Comestibles
 c - 4 rations
 l - 4 chunks of flesh


   Skills:
 + Level 1.3 Fighting
 + Level 2.7 Dodging
 + Level 1.0 Stealth
 + Level 5.0 Unarmed Combat
 + Level 2.9 Spellcasting
 + Level 3.0 Transmutations


You had 4 spell levels left.
You knew the following spells:

 Your Spells              Type           Power        Failure   Level  Hunger
a - Beastly Appendage     Tmut           ##....       6%          1    #......
b - Sticks to Snakes      Tmut           ##......     10%         2    ##.....
c - Spider Form           Tmut/Pois      #.........   34%         3    ###....

Your spell library contained the following spells:

 Spells                   Type           Power        Failure   Level  Hunger
 Ice Form                 Ice/Tmut       #.......     75%         4    #####..
 Blade Hands              Tmut           ##........   86%         5    ######.


Dungeon Overview and Level Annotations

Branches:
Dungeon (3/15)

Altars:


Innate Abilities, Weirdness & Mutations

Your plain brown scales are hard. (AC +6)
You cannot fit into any form of body armour.
You are cold-blooded and may be slowed by cold attacks.


Message History

Your ball python dies!
The orc priest shouts!
You hit the orc but do no damage.
The orc is lightly wounded.
The orc closely misses you.
You punch the orc!
You kill the orc!
You barely miss the orc priest. Your headbutt misses the orc priest.
The orc priest hits you with a +0 short sword.
You hit the orc priest.
The orc priest is moderately wounded.
The orc priest calls down the wrath of Beogh upon you.
Pain shoots through your body!
* * * LOW HITPOINT WARNING * * *
Okay, then.
You feel yourself speed up. The orc priest barely misses you.
Your horns disappear.
The orc priest mumbles some strange prayers to Beogh against you.
Beogh smites you!
You die...

#......# ##......####
.......o)).#
#......[##g#
#.......##o##
#.......##..#
#.......###.##
......### #..# ......
##@## ...... #..#
.....> ##.# #.## #..#
######.##########.##
....................>
#######)#####.######
#...........#


You could see an orc priest and a goblin.

Vanquished Creatures
  Sigmund (D:3)
  2 adders (D:2)
  An ooze (D:2)
  2 worms
  3 dart slugs
  A leopard gecko (D:1)
  2 orcs (D:3)
  3 giant cockroaches
  8 hobgoblins
  8 jackals
  2 quokkas
  A ball python (D:1)
  6 bats
  4 frilled lizards
  5 goblins
  5 kobolds
  9 rats
63 creatures vanquished.

Notes
Turn   | Place    | Note
-------+----------+-------------------------------------------
     0 | D:1      | myga the Draconian Transmuter began the quest for the Orb.
     0 | D:1      | Reached XP level 1. HP: 16/16 MP: 3/3
   122 | D:1      | Reached XP level 2. HP: 13/23 MP: 3/5
   208 | D:1      | Learned a level 2 spell: Sticks to Snakes
   732 | D:1      | Reached XP level 3. HP: 24/28 MP: 6/6
   983 | D:1      | Learned a level 3 spell: Spider Form
  1176 | D:2      | Reached skill level 4 in Unarmed Combat
  1535 | D:2      | Reached XP level 4. HP: 35/35 MP: 5/7
  1693 | D:3      | Noticed Sigmund
  1706 | D:3      | Killed Sigmund
  1706 | D:3      | Reached skill level 1 in Stealth
  1706 | D:3      | Reached skill level 5 in Unarmed Combat
  1706 | D:3      | Reached XP level 5. HP: 39/40 MP: 1/9
  2075 | D:3      | Reached XP level 6. HP: 47/47 MP: 8/10
  2192 | D:3      | Killed from afar by an orc priest

Skill      XL: |  1  2  3  4  5 |
---------------+----------------+-----
Dodging        | 2 |  2.7
Unarmed Combat | 4 5 |  5.0
Stealth        | 1 |  1.0
Transmutations | 3 |  3.0
Fighting       | |  1.3
Spellcasting   | |  2.9

Action                   |  1- 3 |  4- 6 || total
-------------------------+-------+-------++-------
Melee: Unarmed           |   136 |    74 ||   210
       Tailslap          |    10 |     3 ||    13
       Headbutt          |     7 |     3 ||    10
       Kick              |     5 |       ||     5
 Cast: Beastly Appendage |    18 |     4 ||    22
       Sticks to Snakes  |       |     4 ||     4
       Spider Form       |       |     1 ||     1
  Use: Scroll            |       |     5 ||     5
       Potion            |       |     1 ||     1
 Stab: Sleeping          |     1 |     2 ||     3
  Eat: Chunk             |     2 |     3 ||     5
Armor: Skin              |    38 |    14 ||    52
Dodge: Dodged            |    81 |    51 ||   132
